 Dungeon Crawl Stone Soup version 0.17-a0-1646-geb1493d (webtiles) character file.

72 poirepourri the Skirmisher (level 4, -2/37 HPs)
             Began as a Formicid Abyssal Knight on Aug 10, 2015.
             Was a Follower of Lugonu.
             Slain by Crazy Yiuf
             ... wielding a +2 quarterstaff of chaos
              (6 damage)
             ... on level 2 of the Dungeon.
             The game lasted 00:03:37 (1276 turns).

poirepourri the Skirmisher (FoAK)                   Turns: 1276, Time: 00:03:37

Health: -2/37      AC:  5    Str: 16    XL:     4   Next: 48%
Magic:  6/6        EV: 11    Int: 12    God:    Lugonu [*.....]
Gold:   37         SH:  0    Dex: 11    Spells: 0 memorised, 3 levels left

rFire  . . .     SeeInvis +     a - +1 hand axe
rCold  . . .     Clarity  .     e - +0 ring mail
rNeg   . . .     SustAt   .     (no shield)
rPois  .         Gourm    .     (helmet unavailable)
rElec  .         Spirit   .     (no cloak)
rCorr  .         Warding  .     (no gloves)
rMut   .         Stasis   +     (no boots)
MR     .....                    (no amulet)
Stlth  +.........               (no ring)
                                (no ring)

@: lethally poisoned (-2 -> -22), not resistant to hostile enchantments, very
unstealthy
A: permanent stasis, dig shafts and tunnels, four strong arms, antennae 3
a: Dig, Shaft Self, Depart the Abyss, Renounce Religion


You were on level 2 of the Dungeon.
You worshipped Lugonu.
Lugonu was aware of your devotion.
You were not hungry.

You visited 1 branch of the dungeon, and saw 2 of its levels.
You visited the Abyss 1 time.

You collected 37 gold pieces.

Inventory:

Hand weapons
 a - a +1 hand axe (weapon)
Armour
 b - a +0 leather armour
 e - a +0 ring mail (worn)
Scrolls
 g - a scroll of recharging
 h - a scroll of enchant weapon {unknown}
 i - a scroll of identify
 l - a scroll of remove curse {unknown}
 m - a scroll of magic mapping
Comestibles
 c - a bread ration
 d - a slice of pizza
 f - a beef jerky
 k - 4 fruits


   Skills:
 * Level 4.1 Fighting
 + Level 2.4 Axes
 + Level 2.6 Armour
 + Level 1.6 Dodging
 + Level 2.9 Invocations


You had 3 spell levels left.
You didn't know any spells.

Dungeon Overview and Level Annotations

Branches:
Dungeon (2/15)

Altars:

Annotations:
D:2 Crazy Yiuf


Innate Abilities, Weirdness & Mutations

You are under a permanent stasis effect.
You can dig through walls and to a lower floor.
Your four strong arms can wield two-handed weapons with a shield.
You have a pair of large antennae on your head (SInv).


Message History

You assume a fearsome visage.
Crazy Yiuf looks frightened!
It was a scroll of fear.
Crazy Yiuf screams, "Help!"
Crazy Yiuf almost stumbles in trying to escape.
You feel sick.
You closely miss Crazy Yiuf.
Crazy Yiuf is moderately wounded.
Crazy Yiuf gives up.
Cornered, Crazy Yiuf turns to fight!
You hit Crazy Yiuf.
Crazy Yiuf is heavily wounded.
Crazy Yiuf hits you with a quarterstaff of chaos!
* * * LOW HITPOINT WARNING * * *
You are lethally poisoned!
You barely miss Crazy Yiuf.
Crazy Yiuf is heavily wounded.
* * * LOW HITPOINT WARNING * * *
You feel sick.
Crazy Yiuf hits you with a quarterstaff of chaos.
You die...

#...##
##.##
#.##
##.#
#.##
##.#
##.##
#...#
#.@.#
#..g#
#####


You could see Crazy Yiuf.

Vanquished Creatures
  Ijyb (D:2)
  An adder (D:2)
  An adder skeleton (D:2)
  2 giant geckos (D:1)
  2 bats (D:1)
  A giant cockroach (D:1)
  A goblin (D:1)
  3 hobgoblins
  4 kobolds
  A ball python (D:1)
  3 giant gecko skeletons (D:2)
  3 giant newts (D:1)
  4 jackals (D:2)
  3 rats (D:1)
30 creatures vanquished.

Notes
Turn   | Place    | Note
--------------------------------------------------------------
     0 | Abyss:1  | poirepourri the Formicid Abyssal Knight began the quest for the Orb.
     0 | Abyss:1  | Reached XP level 1. HP: 18/18 MP: 2/2
    49 | Abyss:1  | Found a corrupted altar of Lugonu.
   102 | Abyss:1  | Found a corrupted altar of Lugonu.
   107 | Abyss:1  | Found a corrupted altar of Lugonu.
   134 | Abyss:1  | Noticed a neqoxec
   136 | D:1      | Escaped the Abyss
   142 | D:1      | Acquired Lugonu's first power
   170 | D:1      | Reached XP level 2. HP: 22/24 MP: 3/3
   448 | D:1      | Reached skill level 1 in Dodging
   464 | D:1      | Reached XP level 3. HP: 30/30 MP: 5/5
   974 | D:2      | Noticed Ijyb
  1000 | D:2      | Killed Ijyb
  1000 | D:2      | Reached skill level 4 in Fighting
  1000 | D:2      | Reached XP level 4. HP: 37/37 MP: 6/6
  1260 | D:2      | Noticed Crazy Yiuf
  1276 | D:2      | Slain by Crazy Yiuf

Vault maps used:
D:1:      minmay_arrival_five_plusses
D:2:      serial_undead, serial_undead_e, serial_undead_d, serial_undead_e,
          serial_undead_e, roderic_chinese_pattern_swastika,
          kennysheep_generic_room_15, uniq_crazy_yiuf_cottage, uniq_iyjb

Action                   |  1- 3 |  4- 6 || total
-------------------------+-------+-------++-------
Melee: Hand axe          |    98 |    20 ||   118
Invok: Depart the Abyss  |     1 |       ||     1
  Use: Potion            |     3 |       ||     3
       Scroll            |     2 |     1 ||     3
  Eat: Bread ration      |       |     1 ||     1
